 Dungeon Crawl Stone Soup version 0.27-a0-1149-g4505690ab0 (webtiles) character file.

Game seed: 1995791831777941291

26278 ardl the Impaler (level 13, -2/113 HPs)
             Began as a Merfolk Gladiator on May 13, 2021.
             Was an Elder of the Shining One.
             Slain by a killer bee (4 damage)
             ... on level 4 of the Lair of Beasts.
             The game lasted 00:24:48 (16756 turns).

ardl the Impaler (Merfolk Gladiator)               Turns: 16756, Time: 00:24:49

Health: -2/113     AC: 14    Str: 20    XL:     13   Next: 25%
Magic:  16/16      EV: 15    Int:  7    God:    the Shining One [****..]
Gold:   765        SH:  8    Dex: 21    Spells: 12/12 levels left

rFire    + . .     SeeInvis .   J - +2 glaive (vorpal)
rCold    . . .     Faith    .   (shield currently unavailable)
rNeg     + + .     Spirit   .   g - +1 chain mail {rF+}
rPois    +         Reflect  .   c - +2 helmet
rElec    .         Harm     .   (no cloak)
rCorr    .         Rampage  .   r - +1 pair of gloves
Will     .....                  (no boots)
Stlth    ..........             (no amulet)
HPRegen  0.28/turn              E - +6 ring of dexterity
MPRegen  0.15/turn              P - ring of poison resistance

@: divinely shielded, frozen, glowing, studying Spellcasting, very slow
A: (nimble swimmer 2), mertail
a: Renounce Religion, Divine Shield, Cleansing Flame


You were on level 4 of the Lair of Beasts.
You worshipped the Shining One.
The Shining One was greatly pleased with you.
You visited 2 branches of the dungeon, and saw 14 of its levels.
You also visited: Sewer.

You collected 929 gold pieces.
You spent 164 gold pieces at shops.

Inventory:

Hand Weapons
 y - a +1 halberd of venom
 A - a +5 spear
 J - a +2 vorpal glaive (weapon)
Missiles
 h - 25 poisoned darts (quivered)
 m - 2 throwing nets
 v - a curare-tipped dart
 C - 11 javelins
Armour
 c - a +2 helmet (worn)
 g - a +1 chain mail of fire resistance (worn)
 r - a +1 pair of gloves (worn)
Jewellery
 a - an amulet of faith
 b - the ring of Jipal {rC+ Str-2 Int+2 Dex+5 Stlth+}
   (You found it on level 6 of the Dungeon)

   [ring of protection from cold]

   It affects your strength (-2).
   It affects your intelligence (+2).
   It affects your dexterity (+5).
   It protects you from cold.
   It makes you more stealthy.
 E - a +6 ring of dexterity (left hand)
 F - a ring of protection from fire
 I - a ring of protection from cold
 P - a ring of poison resistance (right hand)
Wands
 d - a wand of paralysis (6)
 f - a wand of mindburst (25)
 s - a wand of iceblast (20)
 u - a wand of flame (17)
 D - a wand of digging (14)
 H - a wand of polymorph (6)
Scrolls
 j - 2 scrolls of fog
 o - a scroll of enchant weapon
 t - a scroll of teleportation
 x - a scroll of holy word
 B - a scroll of blinking
Potions
 e - 2 potions of mutation
 i - a potion of resistance {unknown}
 k - a potion of cancellation {unknown}
 l - a potion of heal wounds
 n - 4 potions of lignification
 p - 4 potions of attraction
 q - 5 potions of curing
 w - 4 potions of flight
 z - 2 potions of magic {unknown}
 G - 2 potions of ambrosia


   Skills:
 + Level 14.1 Fighting
 - Level 18.0 Polearms
 - Level 2.0 Throwing
 + Level 13.9 Dodging
 - Level 5.0 Invocations


You had 12 spell levels left.
You didn't know any spells.
Your spell library contained the following spells:

 Spells                   Type           Power      Damage    Failure   Level
 Animate Skeleton         Necr           0%         N/A       99%         1
 Apportation              Tloc           0%         N/A       99%         1
 Corona                   Hex            0%         N/A       99%         1
 Foxfire                  Conj/Fire      0%         2x1d4     99%         1
 Freeze                   Ice            0%         1d3       99%         1
 Magic Dart               Conj           0%         1d3       99%         1
 Sting                    Tmut/Pois      0%         1d3       99%         1
 Summon Small Mammal      Summ           0%         N/A       99%         1
 Call Imp                 Summ           0%         N/A       100%        2
 Poisonous Vapours        Pois/Air       0%         N/A       100%        2
 Searing Ray              Conj           0%         3d3       100%        2
 Call Canine Familiar     Summ           0%         N/A       100%        3
 Conjure Flame            Conj/Fire      0%         6-21      100%        3
 Dazzling Flash           Conj/Hex       0%         N/A       100%        3
 Frozen Ramparts          Ice            0%         1d2       100%        3
 Ignite Poison            Fire/Tmut/Pois 0%         N/A       100%        3
 Inner Flame              Hex/Fire       0%         N/A       100%        3
 Mephitic Cloud           Conj/Pois/Air  0%         N/A       100%        3
 Ozocubu's Armour         Ice            0%         N/A       100%        3
 Summon Guardian Golem    Hex/Summ       0%         N/A       100%        3
 Fulminant Prism          Conj/Hex       0%         3d6       100%        4
 Hailstorm                Conj/Ice       0%         3d3       100%        4
 Iskenderun's Mystic Bla  Conj/Tloc      0%         2d3       100%        4
 Olgreb's Toxic Radiance  Pois           0%         N/A       100%        4
 Sticky Flame             Conj/Fire      0%         2d3       100%        4
 Summon Ice Beast         Ice/Summ       0%         N/A       100%        4
 Summon Lightning Spire   Summ/Air       0%         N/A       100%        4
 Fireball                 Conj/Fire      0%         3d3       100%        5
 Metabolic Englaciation   Hex/Ice        0%         N/A       100%        5


Dungeon Overview and Level Annotations

Branches:
Dungeon (10/15)            Temple (0/1) D:5            Lair (4/6) D:8
  Swamp (0/4) Lair:2        Snake (0/4) Lair:3        Sewer (visited)
    Orc: D:9-12

Altars:
Ashenzari
Cheibriados
Gozag
Kikubaaqudgha
Nemelex Xobeh
Qazlal
Xom
Zin
The Shining One

Shops:
D:5 :   D:8 *[

Annotations:
D:5 1 runed translucent door, Crazy Yiuf
Lair:4 exclusion: oklob plant


Innate Abilities, Weirdness & Mutations

((You are quick and stealthy near water. (Stealth+, EV+, Speed+++)))
Your lower body shifts to a powerful aquatic tail in water.


Message History

The killer bee closely misses you. The killer bee misses you.
A killer bee comes into view.
The killer bee buzzes angrily. x2; You hear an angry buzzing noise. x3
The killer bee closely misses you. The killer bee completely misses you.
The killer bee stings you but does no damage.
The killer bee completely misses you. The black mamba closely misses you.
A killer bee comes into view.
The killer bee closely misses you.
The black mamba bites you but does no damage.
The basilisk barely misses you.
Your surroundings suddenly seem different.
A killer bee comes into view.
The killer bee buzzes angrily.
A rime drake comes into view.
The rime drake hisses angrily.
A killer bee comes into view.
The killer bee buzzes angrily.
A killer bee comes into view.
The killer bee buzzes angrily.
The blink frog croaks.
You hear a howl!
You hear an angry buzzing noise.
The killer bee closely misses you.
A wolf comes into view. x2
The rime drake breathes ice at you. The flash freeze hits you!!
* * * LOW HITPOINT WARNING * * *
You are encased in ice.
A killer bee comes into view.
The killer bee barely misses you. You block the killer bee's attack.
A water moccasin comes into view.
You hear a howl!
Found 6 stones, 25 gold pieces and a potion of curing.
Found a stone staircase leading down.
An oklob plant comes into view.
You take 19 damage, and have 5/113 hp.
Unknown command.
You hear a croak.
You hear an angry hiss.
The killer bee stings you.
* * * LOW HITPOINT WARNING * * *
The killer bee stings you.
You die...

..#.#....#
##..#.#.y.#
.....#......
.....#.#.....#
#..l..#.#...#..
#....#.#
#......
##......#
#.....
#........
..h#.##@y.#...#
..k...yy.......
..y.....###...>
....(...# .##
.........
.........
..$.F...P.
#.....#..#
#!.SP$#...


You could see a komodo dragon, a blink frog, a rime drake (catching breath) and
4 killer bees.

Vanquished Creatures
  Harold (D:8)
  A hydra (Lair:3)
  2 boulder beetles
  3 two-headed ogres (D:10)
  Urug (D:10)
  An orc knight (D:10)
  An ugly thing (D:10)
  2 manticores (Lair:4)
  An elephant (Lair:4)
  Joseph (D:10)
  A black mamba (Lair:2)
  8 cane toads
  4 komodo dragons
  A troll (D:9)
  A polar bear (Lair:1)
  A tyrant leech (Lair:2)
  2 meliai (Lair:4)
  11 blink frogs
  Sigmund (D:2)
  13 yaks
  6 wyverns
  2 steam dragons
  Grum (D:8)
  2 basilisks (Lair:2)
  3 vampire mosquitoes (D:10)
  Menkaure (D:5)
  2 swamp worms (Lair:2)
  5 nagas (Lair:3)
  21 water moccasins
  An acid dragon (D:10)
  3 orc warriors
  3 ice beasts
  3 ogres
  2 black bears
  3 necrophages
  A sky beast (D:8)
  A centaur (D:9)
  5 wolves
  A phantom (D:4)
  8 bullfrogs
  2 kobold brigands
  A gnoll sergeant (D:10)
  A scorpion (D:4)
  A wyvern skeleton (D:5)
  9 killer bees
  A water moccasin skeleton (D:4)
  8 wights
  2 electric eels
  2 bullfrog zombies
  2 jellies
  2 centaur zombies
  2 hounds
  3 bullfrog skeletons
  3 gnoll shamans
  4 orc priests
  A centaur skeleton (D:5)
  3 iguanas
  8 orc wizards
  5 hell rats (Lair:4)
  A hound skeleton (D:4)
  2 howler monkey zombies
  13 gnolls
  11 adders
  5 river rats
  A shadow imp (D:7)
  4 worms
  2 dart slugs
  32 orcs
  6 ball pythons
  4 bats
  3 endoplasms
  4 giant cockroaches
  8 goblins
  8 hobgoblins
  7 jackals
  17 kobolds
  A quokka (D:1)
  A frilled lizard (D:1)
  A jackal skeleton (D:4)
  A quokka skeleton (D:4)
  13 rats
336 creatures vanquished.

Vanquished Creatures (others)
  24 fungi
  32 plants
56 creatures vanquished.

Grand Total: 392 creatures vanquished

Notes
Turn   | Place    | Note
-------+----------+-------------------------------------------
     0 | D:1      | ardl the Merfolk Gladiator began the quest for the Orb.
     0 | D:1      | Reached XP level 1. HP: 16/16 MP: 1/1
   121 | D:1      | Reached skill level 5 in Polearms
   123 | D:1      | Reached XP level 2. HP: 14/22 MP: 2/2
   566 | D:1      | Found a faded altar of an unknown god.
   630 | D:1      | Reached skill level 6 in Polearms
   630 | D:1      | Reached XP level 3. HP: 25/27 MP: 3/3
  1431 | D:2      | Noticed Sigmund
  1450 | D:2      | Killed Sigmund
  1451 | D:2      | Reached skill level 8 in Polearms
  1451 | D:2      | Reached XP level 4. HP: 6/35 MP: 4/4
  1451 | D:2      | Reached XP level 5. HP: 7/41 MP: 5/5
  2231 | D:3      | Reached XP level 6. HP: 47/47 MP: 6/6
  2353 | D:3      | Found a glowing golden altar of the Shining One.
  2358 | D:3      | Found an opulent altar of Gozag.
  2359 | D:3      | Found a sparkling altar of Nemelex Xobeh.
  2360 | D:3      | Found a glowing silver altar of Zin.
  2385 | D:3      | Became a worshipper of the Shining One
  2392 | D:3      | Found an ancient bone altar of Kikubaaqudgha.
  2589 | D:4      | Reached skill level 9 in Polearms
  2649 | D:4      | Noticed a necrophage
  2659 | D:4      | Killed a necrophage
  2934 | D:4      | Reached skill level 10 in Polearms
  2934 | D:4      | Reached XP level 7. HP: 25/55 MP: 7/7
  3143 | D:4      | Reached skill level 5 in Fighting
  3296 | D:4      | Found a snail-covered altar of Cheibriados.
  4084 | D:5      | Entered Level 5 of the Dungeon
  4106 | D:5      | Reached XP level 8. HP: 61/64 MP: 8/8
  4116 | D:5      | Reached * piety under the Shining One
  4127 | D:5      | Reached skill level 11 in Polearms
  4138 | D:5      | Found a glowing drain.
  4178 | Sewer    | Entered a sewer
  4471 | Sewer    | Found a glowing silver altar of Zin.
  4574 | D:5      | Found a runed translucent door.
  4575 | D:5      | Noticed Crazy Yiuf
  4601 | D:5      | Found Tumet's Book Shop.
  4610 | D:5      | Noticed Menkaure
  4617 | D:5      | Killed Menkaure
  4679 | D:5      | Reached skill level 12 in Polearms
  5061 | D:5      | Found a staircase to the Ecumenical Temple.
  5235 | D:6      | Identified the ring of Jipal {rC+ Str-2 Int+2 Dex+5 Stlth+}
  5330 | D:6      | Reached skill level 13 in Polearms
  5366 | D:6      | Reached XP level 9. HP: 63/72 MP: 9/9
  5479 | D:6      | Reached skill level 14 in Polearms
  5750 | D:6      | Reached ** piety under the Shining One
  6166 | D:6      | Found a shimmering altar of Xom.
  7200 | D:8      | Noticed Grum
  7440 | D:8      | Killed Grum
  7478 | D:8      | Reached skill level 10 in Fighting
  7577 | D:8      | Found Itzibote's Antique Armour Emporium.
  7628 | D:8      | Found Pouph's General Store.
  7631 | D:8      | Bought a scroll of enchant armour for 112 gold pieces
  7631 | D:8      | Bought a scroll of fear for 52 gold pieces
  7725 | D:8      | Noticed Harold
  7965 | D:8      | Reached XP level 10. HP: 74/85 MP: 10/10
  8026 | D:8      | Killed Harold
  8027 | D:8      | Reached skill level 15 in Polearms
  8389 | D:8      | Found a staircase to the Lair.
  8405 | D:8      | Reached skill level 16 in Polearms
  8692 | D:9      | Reached skill level 5 in Dodging
  8883 | D:9      | Reached *** piety under the Shining One
  9531 | D:9      | Found a broken altar of Ashenzari.
  9698 | D:10     | Entered Level 10 of the Dungeon
  9740 | D:10     | Noticed Urug
  9765 | D:10     | Killed Urug
 10265 | D:10     | Reached skill level 10 in Dodging
 10284 | D:10     | Reached XP level 11. HP: 53/90 MP: 11/11
 10545 | D:10     | Identified the +3 buckler of Rewet Veje {rF+ rC- rN+ Dex+4}
 10654 | D:10     | Noticed a two-headed ogre
 10660 | D:10     | Killed a two-headed ogre
 10701 | D:10     | Found a stormy altar of Qazlal.
 10772 | D:10     | Noticed a green ugly thing
 10779 | D:10     | Noticed an orc knight
 10798 | D:10     | Killed a green ugly thing
 10799 | D:10     | Reached skill level 1 in Invocations
 10807 | D:10     | Killed an orc knight
 10958 | D:10     | Noticed a two-headed ogre
 10964 | D:10     | Noticed a two-headed ogre
 10969 | D:10     | Killed a two-headed ogre
 10975 | D:10     | Killed a two-headed ogre
 11207 | D:10     | Noticed Joseph
 11228 | D:10     | Killed Joseph
 11435 | Lair:1   | Entered Level 1 of the Lair of Beasts
 11727 | Lair:1   | Reached skill level 5 in Invocations
 12199 | Lair:1   | Reached skill level 17 in Polearms
 12340 | Lair:1   | Reached XP level 12. HP: 76/102 MP: 15/15
 13477 | Lair:2   | Noticed a boulder beetle
 13481 | Lair:2   | Reached skill level 18 in Polearms
 13494 | Lair:2   | Killed a boulder beetle
 13873 | Lair:2   | Reached **** piety under the Shining One
 14249 | Lair:2   | Found a staircase to the Swamp.
 14959 | Lair:3   | Noticed a six-headed hydra
 14974 | Lair:3   | Killed a six-headed hydra
 15328 | Lair:3   | Found a staircase to the Snake Pit.
 16124 | Lair:4   | Reached XP level 13. HP: 101/111 MP: 16/16
 16755 | Lair:4   | HP: 5/113 [rime drake/flash freeze (20)]
 16756 | Lair:4   | HP: 2/113 [killer bee (3)]
 16756 | Lair:4   | Slain by a killer bee

Illustrated notes

Levels and vault maps discovered:
D:1:      evilmike_arrival_crescent, layout_rooms,
          shapermc_ecumenical_altar_venn, chequers_mini_garden, minmay_quantized
D:2:      layout_basic, dk_noncrumbling_3, uniq_sigmund
D:3:      layout_rooms, minitemple
D:4:      layout_loops_corners, amcnicky_altar_gilded
D:5:      layout_basic, temple_hall, portal_sewer_entry_c, serial_shops, shop,
          uniq_menkaure, uniq_crazy_yiuf_cottage
D:6:      layout_rooms, nicolae_overflow_hidden_temple, minmay_misc_feat_plants
D:7:      layout_cave_pods
D:8:      layout_basic, dpeg_oklobed_lair, serial_shops, kennysheep_mini,
          nicolae_shop_waterfront, uniq_harold, uniq_grum
D:9:      layout_basic, nicolae_ashenzari_panopticon, minmay_stone_trees_small
D:10:     layout_basic, minmay_misc_feat_roman, minmay_ruined_shrine, uniq_urug,
          uniq_joseph
Lair:1:   layout_loops_ring, fungi_pond_lemuel, cheibrodos_lair_reptile_den,
          grunt_megastairs_2
Lair:2:   layout_hall_layers, minmay_swamp_entry_worms,
          nicolae_lair_grove_arrangements, beast_lair_carwin_6,
          grunt_megastairs_4
Lair:3:   layout_long_grid, minmay_snake_entry_guardpost_large
Lair:4:   hangedman_what_comes_after_a, layout_loops_ring,
          minmay_lair_oklob_chamber, grunt_megastairs_3, lemuel_fruit_fields

Skill      XL: |  1  2  3  4  5  6  7  8  9 10 11 12 13 |
---------------+----------------------------------------+-----
Polearms       | 5 6 8 10 13 14 16 17 18 | 18.0
Fighting       | 3 4 6 7 10 12 13 14 | 14.1
Dodging        | 10 13 | 13.9
Invocations    | 5 |  5.0
Throwing       | |  2.0

Action                   |  1- 3 |  4- 6 |  7- 9 | 10-12 | 13-15 || total
-------------------------+-------+-------+-------+-------+-------++-------
Melee: Trident           |   114 |    67 |   265 |       |       ||   446
       Tailslap          |       |       |     4 |       |       ||     4
       Spear             |       |       |   117 |    11 |       ||   128
       Halberd           |       |       |    13 |   272 |       ||   285
       Glaive            |       |       |       |   242 |    78 ||   320
Throw: Dart              |     4 |     4 |     9 |     6 |       ||    23
       Throwing net      |     2 |       |       |     2 |       ||     4
Invok: Divine Shield     |       |       |       |     6 |     2 ||     8
Evoke: Wand              |       |       |       |     4 |       ||     4
  Use: Scroll            |       |       |     8 |    13 |     4 ||    25
       Potion            |       |       |       |     4 |     3 ||     7
Armor: Leather armour    |     4 |       |       |       |       ||     4
       Chain mail        |    47 |    20 |    98 |   132 |    43 ||   340
       Skin              |       |       |       |     3 |       ||     3
Dodge: Dodged            |    39 |    18 |   107 |   200 |    93 ||   457
Block: Other             |       |       |       |    14 |    28 ||    42

Table legend: (Time is in decaauts)
 A = Elapsed time spent in this place.
 B = Non-inter-level travel time spent in this place.
 C = Inter-level travel time spent in this place.
 D = Time resting spent in this place.
 E = Time spent auto-exploring this place.
 F = Levels seen in this place.
 G = Mean time per level.
                   A        B        C        D        E       F      G
               +--------+--------+--------+--------+--------+-----+--------+
         Total |  16425 |  15982 |    443 |   3878 |  10192 |  15 | 1095.0 |
       Dungeon |  10889 |  10515 |    374 |   2568 |   6614 |  10 | 1088.9 |
          Lair |   5241 |   5173 |     68 |   1207 |   3449 |   4 | 1310.2 |
         Sewer |    295 |    295 |      0 |    103 |    127 |   1 |  295.0 |
               +--------+--------+--------+--------+--------+-----+--------+

Top non-repeatable levels by time:
  Lair:3: 1668 daAuts
  Lair:1: 1564 daAuts
  Lair:2: 1505 daAuts
    D:10: 1505 daAuts
     D:4: 1489 daAuts
     D:7: 1317 daAuts
     D:9: 1176 daAuts
     D:6: 1073 daAuts
     D:2: 1059 daAuts
     D:8: 1016 daAuts
     D:1: 970 daAuts
     D:5: 741 daAuts
     D:3: 539 daAuts
  Lair:4: 502 daAuts
   Sewer: 295 daAuts
